 Dungeon Crawl Stone Soup version 0.29.0-4-gdea44cf6ec (webtiles) character file.

Game seed: 6806586642229804453

100 qw the Chopper (level 5, -6/41 HPs)
             Began as a Formicid Cinder Acolyte on Sept 4, 2022.
             Was an Elder of Ignis.
             Mangled by an ice beast (12 damage)
             ... on level 3 of the Dungeon.
             The game lasted 00:00:49 (3172 turns).

qw the Chopper (Formicid Cinder Acolyte)            Turns: 3172, Time: 00:00:50

Health: -6/41      AC: 10    Str: 20    XL:     5   Next: 3%
Magic:  6/6        EV: 11    Int: 14    God:    Ignis [****..]
Gold:   124        SH:  0    Dex:  9    Spells: 6/6 levels left

rFire   + . .      SeeInvis +   Y - -1 hand axe (vorpal)
rCold   . . .      Faith    .   (no shield)
rNeg    . . .      Spirit   .   g - +0 leather armour
rPois   .          Reflect  .   (helmet unavailable)
rElec   .          Harm     .   (no cloak)
rCorr   .          Rampage  .   (no gloves)
Will    .....                   (no boots)
Stlth   +.........              (no amulet)
HPRegen 0.13/turn               (no ring)
MPRegen 0.10/turn               (no ring)

@: fiery-armoured
A: permanent stasis, dig shafts and tunnels, antennae 3, four strong arms
a: Dig, Shaft Self, Renounce Religion, Fiery Armour, Foxfire Swarm, Rising Flame


You were on level 3 of the Dungeon.
You worshipped Ignis.
Ignis was greatly pleased with you.
You visited 1 branch of the dungeon, and saw 3 of its levels.

You collected 124 gold pieces.


Innate Abilities, Weirdness & Mutations

You cannot be hasted, slowed, berserked, paralysed or teleported.
You can dig through walls and to a lower floor.
You have a pair of large antennae on your head. (SInv)
Your four strong arms can wield two-handed weapons with a shield.


   Skills:
 - Level 3.2 Fighting
 + Level 4.7 Axes
 - Level 1.8 Dodging
 - Level 1.1 Spellcasting
 - Level 3.0 Fire Magic


You had 6 spell levels left.
You didn't know any spells.
Your spell library contained the following spells:

 Spells                   Type           Power      Damage    Failure   Level
 Scorch                   Fire           18%        2d5       14%         2

Inventory:

Hand Weapons
 j - a +0 flail
 Y - a -1 vorpal hand axe (weapon)
Armour
 e - a +0 chain mail
 g - a +0 leather armour (worn)
Scrolls
 b - a scroll of identify {unknown}
 d - a scroll of enchant armour
Potions
 c - a potion of might {unknown}
 f - 2 potions of curing {unknown}
 h - a potion of ambrosia {unknown}
 i - a potion of brilliance {unknown}
 k - a potion of heal wounds {unknown}

Dungeon Overview and Level Annotations

Branches:
Dungeon (3/15)

Altars:


Message History

HP restored.
There is a stone staircase leading up here.
Found a short sword.
You see here a +0 short sword.
You hear the quick rusting of a very distant drain.
An ice beast comes into view.
Enter note: You hit the ice beast.
You punch the ice beast, but do no damage.
The ice beast is moderately wounded.
The ice beast hits you but does no damage.
You closely miss the ice beast.
The ice beast is moderately wounded.
The ice beast hits you. The ice beast freezes you.
You barely miss the ice beast.
The ice beast is moderately wounded.
The ice beast barely misses you.
You barely miss the ice beast.
The ice beast is moderately wounded.
The ice beast barely misses you.
You hit the ice beast.
The ice beast is moderately wounded.
The ice beast hits you. The ice beast freezes you.
You hit the ice beast but do no damage.
The ice beast is moderately wounded.
The ice beast barely misses you.
You barely miss the ice beast.
The ice beast is moderately wounded.
The ice beast hits you. The ice beast freezes you! The ice beast hits you.
The ice beast freezes you!
3171 ||| INVOKING Fiery Armour.
A protective cloak of flame settles atop you.
The ice beast hits you but does no damage.
The ice beast melts!
The ice beast is burned by your cloak of flames.
The ice beast is heavily wounded.
You closely miss the ice beast.
The ice beast is heavily wounded.
The ice beast hits you. The ice beast freezes you!
You die...

#. ..# #.
###..######## #.
............
#####.
...........
#.....
..........
#.....
.........##
#.....
..........#
#.....
......Y@..##
#.....
...........####
#.....
...........)..##
######
####......###..#
#......# ##.#
#......# #.#####
#......# #.....#
#......#
#####.###
######## #...#


You could see an ice beast.

Vanquished Creatures
  Jessica (D:2)
  2 adders
  2 worms (D:2)
  A dart slug (D:1)
  4 orcs (D:3)
  2 bats (D:1)
  5 endoplasms
  5 giant cockroaches (D:1)
  2 goblins
  2 hobgoblins
  6 kobolds
  A quokka (D:3)
  2 ball pythons (D:1)
  3 frilled lizards
  5 rats
43 creatures vanquished.

Notes
Turn   | Place    | Note
-------+----------+-------------------------------------------
     0 | D:1      | qw the Formicid Cinder Acolyte began the quest for the Orb.
     0 | D:1      | Reached XP level 1. HP: 18/18 MP: 2/2
     0 | D:1      | 0 ||| qw: Version: 0.1-a-103-gd6f5d3a
     0 | D:1      | 0 ||| qw: Game counter: 5488
     0 | D:1      | 0 ||| qw: Always use a shield: true
     0 | D:1      | 0 ||| qw: God list: Okawaru
     0 | D:1      | 0 ||| qw: Allow faded altars: false
     0 | D:1      | 0 ||| qw: Do Orc after D:15 true
     0 | D:1      | 0 ||| qw: Do second Lair branch before Depths: true
     0 | D:1      | 0 ||| qw: Lair rune preference: random
     0 | D:1      | 0 ||| qw: Plans: Normal
     0 | D:1      | 0 ||| PLANNING D:1-11
   121 | D:1      | Reached XP level 2. HP: 21/24 MP: 3/3
   294 | D:1      | 294 ||| Stepping ~*~*~tactically~*~*~ (stealth).
   295 | D:1      | 295 ||| Stepping ~*~*~tactically~*~*~ (stealth).
   296 | D:1      | 296 ||| Stepping ~*~*~tactically~*~*~ (stealth).
   461 | D:1      | 461 ||| Stepping ~*~*~tactically~*~*~ (stealth).
   462 | D:1      | 462 ||| Stepping ~*~*~tactically~*~*~ (stealth).
   464 | D:1      | 464 ||| Stepping ~*~*~tactically~*~*~ (stealth).
   465 | D:1      | 465 ||| Stepping ~*~*~tactically~*~*~ (stealth).
   483 | D:1      | 483 ||| Stepping ~*~*~tactically~*~*~ (stealth).
   568 | D:1      | Found a faded altar of an unknown god.
   568 | D:1      | Found a faded altar of an unknown god.
   798 | D:1      | Reached skill level 4 in Axes
   798 | D:1      | Reached XP level 3. HP: 29/29 MP: 4/4
  1050 | D:1      | 1050 ||| INVOKING Fiery Armour.
  1294 | D:1      | 1294 ||| READING scroll labelled PESUPN NAKH.
  1295 | D:1      | 1295 ||| READING scroll labelled QIEPLE BETER.
  1296 | D:1      | 1296 ||| READING scroll labelled VENIEFOTACS.
  1336 | D:1      | 1336 ||| READING scroll labelled BITHRI LOBB.
  1363 | D:2      | Noticed Jessica
  1369 | D:2      | 1369 ||| INVOKING Fiery Armour.
  1370 | D:2      | Killed Jessica
  1371 | D:2      | Reached skill level 1 in Dodging
  1371 | D:2      | Reached XP level 4. HP: 14/35 MP: 5/5
  1845 | D:2      | 1845 ||| Stepping ~*~*~tactically~*~*~ (stealth).
  2086 | D:2      | 2086 ||| INVOKING Fiery Armour.
  2659 | D:2      | 2659 ||| UPGRADING to +0 leather armour.
  2669 | D:2      | 2669 ||| DROPPING +0 robe.
  2670 | D:2      | 2670 ||| READING scroll labelled VUAKHL NUWNE.
  2703 | D:3      | 2703 ||| PLANNING SEWER
  2957 | D:3      | 2957 ||| DROPPING +0 mace.
  2974 | D:3      | Reached XP level 5. HP: 24/41 MP: 6/6
  3158 | D:3      | Noticed an ice beast
  3170 | D:3      | HP: 6/41 [ice beast (7)]
  3171 | D:3      | 3171 ||| INVOKING Fiery Armour.
  3172 | D:3      | Mangled by an ice beast

Levels and vault maps discovered:
D:1:      minmay_arrival_jagged, layout_basic,
          hellmonk_ecumenical_altar_the_god_not_taken, minmay_misc_feat_doors,
          st_stairs_4, hex_medium, amcnicky_mini_pool_small,
          minmay_misc_feat_columns
D:2:      layout_loops_ring, minmay_misc_feat_tower, uniq_jessica
D:3:      layout_basic, serial_shops, shop, cheibrodos_sewer_entry_bend

Skill      XL: |  1  2  3 |
---------------+----------+-----
Axes           | 4 |  4.7
Dodging        | 1 |  1.8
Fighting       | |  3.2
Spellcasting   | |  1.1
Fire Magic     | |  3.0

Action                   |  1- 3 |  4- 6 || total
-------------------------+-------+-------++-------
Melee: Hand axe          |    68 |    76 ||   144
       Punch             |     2 |     2 ||     4
Invok: Fiery Armour      |     2 |     2 ||     4
  Use: Scroll            |     4 |     1 ||     5
 Stab: Sleeping          |     1 |       ||     1
Armor: Robe              |    12 |     2 ||    14
       Leather armour    |       |     6 ||     6
Dodge: Dodged            |    36 |    31 ||    67

Table legend:
 A = Non-vault XP
 B = Vault XP
 C = Vault XP percentage of total XP
 D = Non-vault monster count
 E = Vault monster count
 F = Vault count percentage of total count
                 A         B        C        D         E       F
            +---------+---------+-------+---------+---------+-------
      Total |     103 |      41 |  28.5 |      39 |       4 |   9.3
            +---------+---------+-------+---------+---------+-------
        D:1 |      37 |       4 |   9.8 |      19 |       3 |  13.6
        D:2 |      37 |      37 |  50.0 |      12 |       1 |   7.7
        D:3 |      29 |       0 |   0.0 |       8 |       0 |   0.0
            +---------+---------+-------+---------+---------+-------
